 Dungeon Crawl Stone Soup version 0.27-a0-1202-ge72e49191c (webtiles) character file.

Game seed: 9795727141195268136

5 JuniU the Magician (level 1, -10/13 HPs)
             Began as a Mummy Hedge Wizard on June 4, 2021.
             Mangled by a kobold
             ... wielding a +3 dagger of electrocution
              (17 damage)
             ... on level 1 of the Dungeon.
             The game lasted 00:02:08 (196 turns).

JuniU the Magician (Mummy Hedge Wizard)              Turns: 196, Time: 00:02:09

Health: -10/13     AC:  2    Str: 13    XL:     1   Next: 66%
Magic:  0/5        EV: 12    Int: 13    God:
Gold:   20         SH:  0    Dex: 11    Spells: 7/8 levels left

rFire    x . .     SeeInvis .   a - +0 dagger
rCold    + . .     Faith    .   (no shield)
rNeg     + + +     Spirit   .   b - +0 robe
rPois    ∞         Reflect  .   c - +0 hat
rElec    .         Harm     .   (no cloak)
rCorr    .         Rampage  .   (no gloves)
Will     .....                  (no boots)
Stlth    ++........             (no amulet)
HPRegen  0.04/turn              (no ring)
MPRegen  0.09/turn              (no ring)

@: no status effects
A: cold resistance 1, negative energy resistance 3, torment resistance 2, heat
vulnerability 1, no potions
a: no special abilities


You were on level 1 of the Dungeon.
You visited 1 branch of the dungeon, and saw 1 of its levels.

You collected 20 gold pieces.

Inventory:

Hand Weapons
 a - a +0 dagger (weapon)
Armour
 b - a +0 robe (worn)
 c - a +0 hat (worn)


   Skills:
 + Level 1.6 Dodging
 + Level 1.6 Stealth
 * Level 4.1 Spellcasting
 + Level 0.8 Conjurations
 - Level 0.7 Summonings
 + Level 0.2 Necromancy
 + Level 0.8 Translocations


You had 7 spell levels left.
You knew the following spells:

 Your Spells              Type           Power      Damage    Failure   Level
a - Magic Dart            Conj           16%        1d3       14%         1

Your spell library contained the following spells:

 Spells                   Type           Power      Damage    Failure   Level
 Blink                    Tloc           N/A        N/A       22%         2
 Call Imp                 Summ           4%         N/A       22%         2
 Slow                     Hex            2%         N/A       30%         2
 Conjure Flame            Conj/Fire      3%         6-21      45%         3
 Mephitic Cloud           Conj/Pois/Air  3%         N/A       50%         3


Dungeon Overview and Level Annotations

Branches:
Dungeon (1/15)

Altars:


Innate Abilities, Weirdness & Mutations

You are immune to poison.
Your flesh is cold resistant. (rC+)
You are immune to negative energy. (rN+++)
You are immune to unholy pain and torment.
You are vulnerable to heat. (rF-)
You do not drink.


Message History

Press: ? - help, Q - select action Shift-Dir - straight line, f/p - jackal
Aim: a jackal (almost dead, 100% to hit)
The magic dart hits the jackal.
You kill the jackal!
Aiming: Magic Dart (safe; 14% risk of failure)
Press: ? - help, Q - select action Shift-Dir - straight line, f - frilled lizard
Aim: a frilled lizard (100% to hit)
The magic dart hits the frilled lizard.
The frilled lizard is heavily wounded.
You don't have enough magic to cast this spell.
Unknown command.
A jackal comes into view.
A kobold comes into view.
It is wielding a +3 dagger of electrocution.
Aiming: Magic Dart (safe; 14% risk of failure)
Press: ? - help, Q - select action Shift-Dir - straight line, f/p - frilled lizard
Aim: a frilled lizard (heavily wounded, 100% to hit)
The magic dart hits the frilled lizard.
You kill the frilled lizard!
You see here a +0 dagger.
Aiming: Magic Dart (safe; 14% risk of failure)
Press: ? - help, Q - select action Shift-Dir - straight line, f - kobold
Aim: a kobold, wielding a +3 dagger of electrocution (100% to hit)
The magic dart hits the kobold but does no damage.
You don't have enough magic to cast this spell.
Unknown command.
You don't have enough magic to cast this spell.
Unknown command.
You see here a +0 dagger.
Aiming: Magic Dart (safe; 14% risk of failure)
Press: ? - help, Q - select action Shift-Dir - straight line, f/p - kobold
Aim: a kobold, wielding a +3 dagger of electrocution (100% to hit)
The magic dart hits the kobold but does no damage.
The kobold closely misses you.
You closely miss the kobold.
The kobold hits you with a +3 dagger of electrocution.
You hit the kobold but do no damage.
The kobold hits you with a +3 dagger of electrocution.
You are electrocuted!
Ouch! That really hurt!
You die...

#....#.###.!...
#.##.#.........
#......)###....
####.##.# .
#...##.#
#.#....#
#.#..######
#.K).......
#@##.#####. ...
####.##.# ...
##.....#.#
...#......#.####
...........##.#
.#.#.#.#.#.##.#
+#.#.#.#.....#
#.#.#.#..#####
+#.#<#.###


You could see a kobold.

Vanquished Creatures
  2 goblins (D:1)
  A jackal (D:1)
  A frilled lizard (D:1)
  A kobold (D:1)
5 creatures vanquished.

Notes
Turn   | Place    | Note
-------+----------+-------------------------------------------
     0 | D:1      | JuniU the Mummy Hedge Wizard began the quest for the Orb.
     0 | D:1      | Reached XP level 1. HP: 13/13 MP: 5/5
   196 | D:1      | Mangled by a kobold

Illustrated notes

Levels and vault maps discovered:
D:1:      lightli_arrival_chessboard, layout_basic, serial_shops, shop,
          serial_forest, infiniplex_forest_lined_room_3,
          infiniplex_forest_clump_diagonal, infiniplex_forest_clump_double,
          infiniplex_forest_lined_corner, infiniplex_forest_clump_C,
          minivault_14

Action                   || total
-------------------------++-------
Melee: Dagger            ||     2
 Cast: Magic Dart        ||    17
Dodge: Dodged            ||     1

Table legend: (Time is in decaauts)
 A = Elapsed time spent in this place.
 B = Non-inter-level travel time spent in this place.
 C = Inter-level travel time spent in this place.
 D = Time resting spent in this place.
 E = Time spent auto-exploring this place.
 F = Levels seen in this place.
 G = Mean time per level.
                   A        B        C        D        E       F      G
               +--------+--------+--------+--------+--------+-----+--------+
         Total |    196 |    196 |      0 |      0 |    145 |   1 |  196.0 |
       Dungeon |    196 |    196 |      0 |      0 |    145 |   1 |  196.0 |
               +--------+--------+--------+--------+--------+-----+--------+

Top non-repeatable levels by time:
     D:1: 196 daAuts
